 Seeded DCSS version 0.30.1-9-gdf580d7c3d (webtiles) character file.

Game seed: 7547814903460644772 (custom seed)

23 Psyclone the Stinger (level 2, 15/15 HPs)
             Began as a Deep Elf Venom Mage on Sept 27, 2023.
             Quit the game on level 4 of the Dungeon.
             The game lasted 00:04:25 (500 turns).

Psyclone the Stinger (Deep Elf Venom Mage)           Turns: 500, Time: 00:04:25

Health: 15/15      AC:  2    Str:  5    XL:     2   Next: 72%
Magic:  8/8        EV: 12    Int: 19    God:
Gold:   199        SH:  0    Dex: 15    Spells: 6/7 levels left

rFire   . . .        a - +4 dagger (venom)
rCold   . . .        (no shield)
rNeg    . . .        d - +0 robe
rPois   .            (no helmet)
rElec   .            (no cloak)
rCorr   .            (no gloves)
SInv    .            (no boots)
Will    .....        (no amulet)
Stlth   ++           (no ring)
HPRegen 0.22/turn    (no ring)
MPRegen 0.11/turn

%: no passive effects
@: no status effects
A: no striking features
a: no special abilities


You were on level 4 of the Dungeon.
You visited 1 branch of the dungeon, and saw 4 of its levels.

You collected 199 gold pieces.

Inventory:

Hand Weapons
 a - a +4 dagger of venom (weapon)
Armour
 d - a +0 robe (worn)
Potions
 b - a potion of magic
 c - 2 potions of attraction {unknown}


   Skills:
 - Level 2.4 Dodging
 - Level 2.4 Stealth
 - Level 3.0 Spellcasting
 - Level 1.1 Transmutations
 + Level 4.4 Poison Magic


You had 6 spell levels left.
You knew the following spells:

 Your Spells              Type           Power      Damage    Failure   Level
a - Sting                 Tmut/Pois      52%        1d5       4%          1

Your spell library contained the following spells:

 Spells                   Type           Power      Damage    Failure   Level
 Poisonous Vapours        Pois/Air       22%        N/A       10%         2
 Lesser Beckoning         Tloc           4%         N/A       22%         2
 Olgreb's Toxic Radiance  Pois           19%        N/A       24%         4
 Mephitic Cloud           Conj/Pois/Air  8%         N/A       26%         3
 Gell's Gravitas          Tloc           2%         N/A       41%         3
 Teleport Other           Tloc           2%         N/A       41%         3


Dungeon Overview and Level Annotations

Branches:
Dungeon (4/15) Zot: 23501
 Temple: D:4-7

Altars:


Message History

d - a +4 dagger of venom Your +4 dagger of venom begins to drip with poison!
d - a +4 dagger of venom (weapon)
Adjust (i)tems, (s)pells, or (a)bilities?
d - a +4 dagger of venom (weapon)
Adjust to which letter? (? for menu, Esc to quit)
a - a +4 dagger of venom (weapon);
d - a +0 robe (worn)
An adder comes into view.
The adder hisses angrily.
MP restored: 8
Casting: Sting (safe; 5% risk of failure)
Confirm with . or Enter, or press ? or * to list all spells.
Aiming: Sting (safe; 5% risk of failure)
Press: ? - help, Shift-Dir - straight line, f - adder
Aim: an adder (53% to hit)
The sting misses the adder.
You now have 7/8 mp.
Casting: Sting (safe; 5% risk of failure)
Confirm with . or Enter, or press ? or * to list all spells.
Aiming: Sting (safe; 5% risk of failure)
Press: ? - help, Shift-Dir - straight line, f/p - adder
Aim: an adder (53% to hit)
The sting hits the adder.
The adder is poisoned.
The adder is moderately wounded.
The adder barely misses you.
You now have 6/8 mp.
You miss the adder.
The adder is heavily wounded.
The adder bites you. The adder barely misses you.
You take 1 damage, and have 14/15 hp.
You miss the adder.
The adder is severely wounded.
The adder completely misses you.
You closely miss the adder.
The adder is almost dead.
You kill the adder!
Health restored: 15 MP restored: 8 You hear the slow rusting of a very distant drain.
Are you sure you want to abandon this character and quit the game? (Confirm with "yes".)

#..# #..#
#..# #..#
#..# #..#
##..#
##..@#
##....##.##
#.........#
##...####.#
##.## #.#
#.# #.# #.#


There were no monsters in sight!

Vanquished Creatures
  An adder (D:4)
  A worm (D:3)
  A ball python (D:2)
  A bat (D:2)
  An endoplasm (D:1)
  A goblin (D:4)
  2 hobgoblins
  A quokka (D:2)
  A frilled lizard (D:3)
10 creatures vanquished.

Notes
Turn   | Place    | Note
-------+----------+-------------------------------------------
     0 | D:1      | Psyclone the Deep Elf Venom Mage began the quest for the
                  | Orb.
     0 | D:1      | Reached XP level 1. HP: 10/10 MP: 6/6
   267 | D:2      | Reached XP level 2. HP: 15/15 MP: 5/8
   329 | D:3      | Reached skill level 4 in Poison Magic
   500 | D:4      | Quit the game

Illustrated notes

Levels and vault maps discovered:
D:1:      lordsloth_arrival_two_stooges, layout_basic,
          chequers_ecumenical_altar_simple
D:2:      layout_loops_ring, uniq_jessica
D:3:      layout_loops_cross, ashenzari_conservatory_becter,
          nzn_wu_jian_council_hall, chequers_serial_rivers_room_a,
          grunt_decor_cap, hangedman_abyss_or_decor_lesser_grid,
          hangedman_decor_peaks_small, minmay_gold_behind_fungi, uniq_natasha,
          uniq_crazy_yiuf_cottage
D:4:      layout_loops_ring, grunt_temple_overflow_order_and_chaos_2,
          yredelemnul_altar_generic, nemelex_dance_club_becter,
          gup_sewer_entry_bubbles

Skill      XL: |  1  2 |
---------------+-------+-----
Poison Magic   | 4 |  4.4
Dodging        | |  2.4
Stealth        | |  2.4
Spellcasting   | |  3.0
Transmutations | |  1.1

Action                     || total
---------------------------++-------
  Melee: Unarmed           ||    11
         Dagger            ||     3
         Punch             ||     1
   Cast: Sting             ||    23
 Armour: Robe              ||     1
  Dodge: Dodged            ||     7
